 Dungeon Crawl Stone Soup version 0.17.1-2-g5865329 (webtiles) character file.

74 Grim the Shooter (level 4, 0/28 HPs)
             Began as a High Elf Arcane Marksman on Jan 12, 2016.
             Was an Initiate of Dithmenos.
             Slain by Purgy (1 damage)
             ... in a sewer.
             The game lasted 00:09:19 (2257 turns).

Grim the Shooter (High Elf Arcane Marksman)         Turns: 2257, Time: 00:09:19

Health: 0/28       AC:  2    Str: 10    XL:     4   Next: 9%
Magic:  6/6        EV: 12    Int: 17    God:    Dithmenos [......]
Gold:   135        SH:  0    Dex: 15    Spells: 1 memorised, 4 levels left

rFire  . . .     SeeInvis .     b - +0 short sword (speed)
rCold  . . .     Clarity  .     g - +0 robe
rNeg   . . .     SustAt   .     (no shield)
rPois  .         Gourm    .     (no helmet)
rElec  .         Spirit   .     (no cloak)
rCorr  +         Warding  .     (no gloves)
rMut   .         Stasis   .     (no boots)
MR     .....                    j - amulet of resist corrosion
Stlth  ..........               (no ring)
                                q - ring of loudness

@: flying, very slightly contaminated, invisible, not resistant to hostile
enchantments, extremely unstealthy
A: no striking features
a: Renounce Religion


You were in a sewer.
You worshipped Dithmenos.
Dithmenos was noncommittal.
You were not hungry.

You visited 1 branch of the dungeon, and saw 3 of its levels.
You also visited: Sewer.

You collected 135 gold pieces.

Inventory:

Hand Weapons
 a - a +0 shortbow
 b - a +0 short sword of speed (weapon)
Missiles
 d - 26 arrows
 k - 6 arrows of dispersal
 m - 10 arrows of frost
Armour
 g - a +0 robe (worn)
Jewellery
 j - an amulet of resist corrosion (around neck)
 q - a ring of loudness (left hand)
 v - an uncursed ring of fire {unknown}
Scrolls
 f - a scroll of identify
 l - a scroll of immolation
 o - 3 scrolls of remove curse
 t - a scroll of amnesia {unknown}
 x - a scroll of blinking {unknown}
Potions
 h - a potion of lignification
 w - 2 potions of agility
Books
 c - a book of Debilitation

   Spells                             Type                      Level
   a - Corona                         Hexes                        1
   b - Slow                           Hexes                        2
   c - Gell's Gravitas                Hexes/Translocation          3
   d - Inner Flame                    Hexes/Fire                   3
   e - Cause Fear                     Hexes                        4
   f - Leda's Liquefaction            Hexes/Earth                  4
Comestibles
 e - 4 bread rations
 n - 3 meat rations
 u - 3 chunks of flesh


   Skills:
 - Level 1.0 Fighting
 - Level 3.0 Short Blades
 + Level 4.2 Bows
 - Level 2.1 Dodging
 - Level 1.2 Spellcasting
 * Level 3.2 Hexes


You had 4 spell levels left.
You knew the following spells:

 Your Spells              Type           Power        Failure   Level  Hunger
a - Corona                Hex            ##.....      6%          1    ##.....


Dungeon Overview and Level Annotations

Branches:
Dungeon (3/15)

Altars:
Dithmenos

Annotations:
Sewer Purgy


Message History

You hit Purgy but do no damage. Purgy bites you.
* * * LOW HITPOINT WARNING * * *
Purgy barely misses you. Purgy closely misses you.
You miss Purgy. You closely miss Purgy. Purgy closely misses you.
Purgy claws you.
* * * LOW HITPOINT WARNING * * *
Purgy closely misses you.
You barely miss Purgy. Purgy bites you.
* * * LOW HITPOINT WARNING * * *
Purgy misses you. Purgy claws you.
* * * LOW HITPOINT WARNING * * *
You miss Purgy.
There is a gate leading back out of this place here.
Drink which item? (? for menu, Esc to quit)
It was a potion of flight.
You feel very buoyant.
You fly up into the air.
Purgy bites you.
* * * LOW HITPOINT WARNING * * *
Purgy claws you.
You die...

#+##'##+##'##+##+##+#
######......†............######
≈≈≈≈≈#≈≈≈≈≈≈≈≈≈.≈≈≈≈≈≈≈≈≈#≈≈≈≈≈
≈≈≈≈≈#≈≈≈≈≈≈≈≈≈∩≈≈≈≈≈≈≈≈≈#≈≈≈≈≈
≈≈≈≈≈#≈≈≈≈≈≈≈≈≈.≈≈≈≈≈≈≈≈≈#≈≈≈≈≈
#####...................#
#T##'##'##.##'##'##'# #.
#.##.##T##.##.##.# #!
#.##.##@##.##.##.# ##
##################


You could see Purgy.

Vanquished Creatures
  2 adders (D:2)
  2 oozes
  2 giant geckos (D:1)
  10 bats
  4 giant cockroaches
  4 hobgoblins
  2 ball pythons (D:3)
  3 giant newts (D:2)
  10 goblins
  2 kobolds
  7 rats
48 creatures vanquished.

Notes
Turn   | Place    | Note
--------------------------------------------------------------
     0 | D:1      | Grim the High Elf Arcane Marksman began the quest for the Orb.
     0 | D:1      | Reached XP level 1. HP: 13/13 MP: 3/3
     6 | D:1      | Noticed a komodo dragon
     6 | D:1      | Noticed a brain worm
     6 | D:1      | Noticed a queen ant
     7 | D:1      | Noticed a centaur
   167 | D:1      | Reached skill level 1 in Short Blades
   167 | D:1      | Reached XP level 2. HP: 18/18 MP: 0/4
   640 | D:2      | Found a shadowy altar of Dithmenos.
   679 | D:2      | Became a worshipper of Dithmenos the Shadowed
   687 | D:2      | Reached XP level 3. HP: 23/23 MP: 5/5
   894 | D:2      | Reached skill level 4 in Bows
  1981 | D:3      | Found a glowing drain.
  1994 | D:3      | Reached XP level 4. HP: 25/28 MP: 6/6
  2018 | Sewer    | Entered a sewer
  2190 | Sewer    | Noticed Purgy
  2257 | Sewer    | HP: 1/28 [Purgy (3)]
  2257 | Sewer    | Slain by Purgy

Action                   |  1- 3 |  4- 6 || total
-------------------------+-------+-------++-------
Melee: Short sword       |    29 |    26 ||    55
 Fire: Shortbow          |    75 |    14 ||    89
 Cast: Corona            |    27 |     6 ||    33
  Use: Scroll            |     4 |     4 ||     8
       Potion            |       |     4 ||     4
  Eat: Chunk             |     2 |       ||     2
       Bread ration      |     1 |       ||     1
